 Dungeon Sprint DCSS version 0.30.1-11-g7821555f0a (webtiles) character file.

Game seed: 1426857742993849060

13858 Groucho the Unseen (level 11, -4/62 HPs)
             Began as a Spriggan Enchanter on Dec 8, 2023.
             Was a High Priest of Dithmenos.
             Slain by a golden dragon (17 damage)
             ... in the Dungeon (Sprint II: "The Violet Keep of Menkaure").
             The game lasted 00:21:53 (1578 turns).

Groucho the Unseen (Spriggan Enchanter)             Turns: 1578, Time: 00:21:53

Health: -4/62      AC:  3    Str:  4    XL:     11   Next: 81%
Magic:  20/26      EV: 24    Int: 21    God:    Dithmenos [*****.]
Gold:   739        SH:  0    Dex: 16    Spells: 8/30 levels left

rFire   + . .        a - +1 dagger
rCold   . . .        (no shield)
rNeg    . . .        b - +0 robe
rPois   .            (helmet restricted)
rElec   .            u - +0 cloak
rCorr   .            (gloves unavailable)
SInv    +            (boots unavailable)
Will    +....        z - amulet of the acrobat
Stlth   ++++++++++   f - ring of protection from fire
HPRegen 0.30/turn    j - ring of flight
MPRegen 0.20/turn

%: no teleportation, acrobat
@: flying, wreathed by umbra, very quick
A: very small, no large weapons, unfitting armour, see invisible, speed 3
a: Renounce Religion, Shadow Step, Shadow Form


You were in the Dungeon.
You worshipped Dithmenos.
Dithmenos was extremely pleased with you.
You visited 1 branch You collected 1867 gold pieces.
You spent 1128 gold pieces at shops.

Inventory:

Hand Weapons
 a - a +1 dagger (weapon)
Armour
 b - a +0 robe (worn)
 u - a +0 cloak (worn)
Magical Staves
 D - a staff of conjuration
Jewellery
 f - a ring of protection from fire (left hand)
 j - a ring of flight (right hand)
 x - a ring of fire
 z - an amulet of the acrobat (around neck)
Scrolls
 c - a scroll of enchant weapon {unknown}
 i - 2 scrolls of blinking
 k - 2 scrolls of identify {unknown}
 l - 3 scrolls of amnesia {unknown}
 r - a scroll of fear {unknown}
 s - 2 scrolls of poison {unknown}
 v - 2 scrolls of magic mapping {unknown}
 w - 2 scrolls of vulnerability {unknown}
 y - a scroll of enchant armour {unknown}
 A - a scroll of fog {unknown}
 B - 2 scrolls of butterflies {unknown}
Potions
 d - 2 potions of curing
 g - 5 potions of magic
 h - a potion of berserk rage
 m - 5 potions of flight
 n - 2 potions of might {unknown}
 o - a potion of haste
 p - 2 potions of mutation {unknown}
 q - 3 potions of resistance {unknown}
 t - 2 potions of attraction {unknown}
 C - a potion of brilliance {unknown}
 E - a potion of experience {unknown}


   Skills:
 + Level 9.3 Fighting
 - Level 10.0 Short Blades
 + Level 11.6 Dodging
 - Level 15.0 Stealth
 - Level 10.0 Spellcasting
 + Level 11.3 Conjurations
 - Level 14.0 Hexes
 + Level 6.6 Ice Magic
 - Level 9.7 Earth Magic


You had 8 spell levels left.
You knew the following spells:

 Your Spells              Type           Power      Damage    Failure   Level
a - Ensorcelled Hibernat  Hex/Ice        100%       N/A       1%          2
b - Confusing Touch       Hex            62%        N/A       1%          3
c - Dazzling Flash        Conj/Hex       100%       N/A       1%          3
d - Tukima's Dance        Hex            62%        N/A       1%          3
e - Stone Arrow           Conj/Erth      100%       3d13      1%          3
f - Passwall              Tmut/Erth      25%        N/A       1%          2
g - Hailstorm             Conj/Ice       48%        3d11      1%          3
h - Frozen Ramparts       Ice            76%        1d12      1%          3

Your spell library contained the following spells:

 Spells                   Type           Power      Damage    Failure   Level
 Freeze                   Ice            100%       1d10      1%          1
 Sandblast                Erth           100%       2d20      1%          1
 Leda's Liquefaction      Hex/Erth       28%        N/A       1%          4
 Lee's Rapid Deconstruct  Erth           25%        3d14*     3%          5
 Statue Form              Tmut/Erth      20%        N/A       80%         6


Dungeon Overview and Level Annotations

Branches:
Dungeon (1/1)

Altars:
Cheibriados
Dithmenos
Elyvilon
Fedhas
Gozag
Hepliaklqana
Kikubaaqudgha
Makhleb
Nemelex Xobeh
Okawaru
Qazlal
Ru
Sif Muna
Trog
Uskayaw
Vehumet
Wu Jian
Xom
Yredelemnul
Zin
The Shining One
Jiyva
Lugonu

Shops:
D [?:(=*:?=[!!!(=:[([

Annotations:
D exclusion: oklob plant


Innate Abilities, Weirdness & Mutations

You are very small and have problems with some larger weapons.
You are too small for most types of armour.
You have supernaturally acute eyesight. (SInv)
You cover ground extremely quickly. (Speed+++)


Message History

The golden dragon completely resists.
The wall freezes the golden dragon but does no damage.
The golden dragon bites you!!
* * * LOW HITPOINT WARNING * * *
You emit a cloud of dark smoke.
The golden dragon closely misses you. The golden dragon barely misses you.
Unknown command.
Unknown command.
You feel much better.
The wall freezes the golden dragon but does no damage.
The golden dragon breathes fire at you. The bolt of fire hits you! You resist.
* * * LOW HITPOINT WARNING * * *
You feel much better.
The golden dragon completely resists.
The wall freezes the golden dragon but does no damage.
The golden dragon bites you!!
Ouch! That really hurt!
* * * LOW HITPOINT WARNING * * *
You emit a cloud of dark smoke.
The golden dragon claws you!
* * * LOW HITPOINT WARNING * * *
The golden dragon misses you.
You feel much better.
The wall freezes the golden dragon but does no damage.
The golden dragon bites you!!
* * * LOW HITPOINT WARNING * * *
The golden dragon completely misses you. x2
Unknown command.
Unknown command.
You feel much better.
The wall freezes the golden dragon but does no damage.
The golden dragon misses you. The golden dragon closely misses you.
The golden dragon tramples you!
You are shoved backwards!
The frozen ramparts melt away as you move.
Unknown command.
Unknown command.
You feel much better. The golden dragon bites you!!
* * * LOW HITPOINT WARNING * * *
You emit a cloud of dark smoke.
The golden dragon misses you. The golden dragon tramples you!
You die...

############ #@D§§∩'.'..#
#######.#### ####+####
##°...°°°## ##°..°°°.°.##
+°○°.°○°....##++#
##.°°°.°.°.##§...
~##°.°°○°.##§§...
############~~#+++#°°°#####.^


You could see a golden dragon (catching breath).

Vanquished Creatures
  A deep elf master archer (D)
  2 sphinxes (D)
  A kraken (D)
  A storm dragon (D)
  A crystal guardian (D)
  A great orb of eyes (D)
  An iron elemental (D)
  2 boulder beetles (D)
  A death yak (D)
  2 death drakes (D)
  2 deep trolls (D)
  A merfolk siren (D)
  An ice statue (D)
  A yaktaur (D)
  3 polar bears (D)
  A hornet (D)
  2 wyverns (D)
  A vampire mosquito (D)
  5 water moccasins (D)
  2 swamp drakes (D)
  4 scorpions (D)
36 creatures vanquished.

Vanquished Creatures (others)
  Menkaure (D)
  8 tentacles (D)
9 creatures vanquished.

Grand Total: 45 creatures vanquished

Notes
Turn   | Place    | Note
-------+----------+-------------------------------------------
     0 | D        | Groucho the Spriggan Enchanter began the quest for the Orb.
     0 | D        | Reached XP level 1. HP: 9/9 MP: 5/5
     3 | D        | Noticed a boulder beetle
     3 | D        | Noticed a boulder beetle
     6 | D        | Noticed a merfolk siren
     9 | D        | Noticed a scorpion
     9 | D        | Noticed a scorpion
     9 | D        | Noticed a scorpion
     9 | D        | Noticed a scorpion
    21 | D        | Killed a scorpion
    22 | D        | Reached skill level 6 in Stealth
    22 | D        | Reached skill level 5 in Hexes
    22 | D        | Reached XP level 2. HP: 11/15 MP: 6/8
    22 | D        | Reached XP level 3. HP: 13/18 MP: 6/9
    25 | D        | Killed a scorpion
    26 | D        | Reached skill level 5 in Short Blades
    26 | D        | Reached skill level 5 in Dodging
    26 | D        | Reached skill level 7 in Stealth
    26 | D        | Reached skill level 5 in Spellcasting
    26 | D        | Reached XP level 4. HP: 18/24 MP: 7/12
    26 | D        | Killed a scorpion
    27 | D        | Reached skill level 10 in Stealth
    27 | D        | Reached XP level 5. HP: 23/30 MP: 7/13
    29 | D        | Reached skill level 5 in Fighting
    29 | D        | Reached skill level 12 in Stealth
    31 | D        | Noticed a wyvern
    31 | D        | Noticed a wyvern
    34 | D        | Killed a wyvern
    35 | D        | Reached skill level 15 in Stealth
    35 | D        | Reached XP level 6. HP: 28/35 MP: 7/14
    37 | D        | Killed a wyvern
    38 | D        | Reached XP level 7. HP: 32/39 MP: 7/15
    44 | D        | Killed a boulder beetle
    45 | D        | Reached skill level 1 in Conjurations
    45 | D        | Reached XP level 8. HP: 36/43 MP: 8/17
    47 | D        | Killed a boulder beetle
    54 | D        | Killed a merfolk siren
    55 | D        | Reached XP level 9. HP: 41/47 MP: 9/23
    85 | D        | Found Edatasih's Jewellery Shop.
    86 | D        | Found Suhuabb's Weapon Boutique.
    86 | D        | Found Fuira's Distillery.
    86 | D        | Found Wuafutt's Distillery.
    86 | D        | Found Hogute's Jewellery Boutique.
    86 | D        | Found Teleduc's Antique Armour Boutique.
    86 | D        | Found Feedyuhi's Magic Scroll Shop.
    87 | D        | Found Douvyh's Book Shop.
    87 | D        | Found Siohotzi's General Store.
    88 | D        | Found Fisuyxump's Distillery.
    92 | D        | Found Kamegac's Jewellery Shop.
    92 | D        | Found Copro's Antique Weapon Boutique.
    92 | D        | Noticed an oklob plant
    93 | D        | Found Veosic's Magic Scroll Shop.
    93 | D        | Found Ebbygo's Antique Armour Boutique.
    93 | D        | Found Zoib's Book Shoppe.
   117 | D        | Learned a level 2 spell: Ensorcelled Hibernation
   120 | D        | Killed Menkaure
   121 | D        | Learned a level 3 spell: Confusing Touch
   125 | D        | Learned a level 3 spell: Dazzling Flash
   129 | D        | Learned a level 3 spell: Tukima's Dance
   194 | D        | Noticed an ice dragon
   212 | D        | Bought a book of Geomancy for 216 gold pieces
   213 | D        | Bought a ring of protection from fire for 300 gold pieces
   216 | D        | Bought a ring of flight for 192 gold pieces
   222 | D        | Learned a level 3 spell: Stone Arrow
   225 | D        | Learned a level 2 spell: Passwall
   255 | D        | Found a hazy altar of Hepliaklqana.
   255 | D        | Found a snail-covered altar of Cheibriados.
   256 | D        | Found a stormy altar of Qazlal.
   256 | D        | Found a viscous altar of Jiyva.
   256 | D        | Found a shadowy altar of Dithmenos.
   257 | D        | Found a sacrificial altar of Ru.
   257 | D        | Found an ancient bone altar of Kikubaaqudgha.
   257 | D        | Found a white marble altar of Elyvilon.
   258 | D        | Found an ornate altar of the Wu Jian Council.
   258 | D        | Found a shimmering blue altar of Sif Muna.
   258 | D        | Found a corrupted altar of Lugonu.
   259 | D        | Found a shimmering altar of Xom.
   259 | D        | Found a bloodstained altar of Trog.
   259 | D        | Found a burning altar of Makhleb.
   260 | D        | Found a glowing golden altar of the Shining One.
   260 | D        | Found a basalt altar of Yredelemnul.
   260 | D        | Found a hide-covered altar of Uskayaw.
   262 | D        | Found a glowing silver altar of Zin.
   262 | D        | Found a radiant altar of Vehumet.
   262 | D        | Found a blossoming altar of Fedhas.
   262 | D        | Found a sparkling altar of Nemelex Xobeh.
   263 | D        | Found an opulent altar of Gozag.
   263 | D        | Found an iron altar of Okawaru.
   269 | D        | Became a worshipper of Dithmenos the Shadowed
   281 | D        | Noticed an iron elemental
   283 | D        | Killed an iron elemental
   284 | D        | Reached skill level 10 in Spellcasting
   284 | D        | Reached skill level 5 in Conjurations
   296 | D        | Noticed a death yak
   299 | D        | Killed a death yak
   300 | D        | Reached skill level 10 in Short Blades
   300 | D        | Reached skill level 5 in Earth Magic
   309 | D        | Noticed a deep elf master archer
   315 | D        | Killed a deep elf master archer
   315 | D        | Reached * piety under Dithmenos
   316 | D        | Reached XP level 10. HP: 51/51 MP: 25/25
   321 | D        | Noticed a great orb of eyes
   323 | D        | Killed a great orb of eyes
   347 | D        | Reached ** piety under Dithmenos
   362 | D        | Reached *** piety under Dithmenos
   457 | D        | Bought a potion of invisibility for 80 gold pieces
   502 | D        | Noticed an ice statue
   513 | D        | Killed an ice statue
   774 | D        | Bought a potion of haste for 100 gold pieces
   778 | D        | Bought a book of Frost for 240 gold pieces
   782 | D        | Learned a level 3 spell: Hailstorm
   786 | D        | Learned a level 3 spell: Frozen Ramparts
   818 | D        | Noticed a death drake
   823 | D        | Noticed a death drake
   823 | D        | Noticed a crystal guardian
   827 | D        | Killed a crystal guardian
   827 | D        | Reached **** piety under Dithmenos
   829 | D        | Killed a death drake
   830 | D        | Reached XP level 11. HP: 58/58 MP: 26/26
   831 | D        | Killed a death drake
   832 | D        | Reached skill level 10 in Conjurations
   852 | D        | Noticed a kraken
   889 | D        | Killed a kraken
  1262 | D        | Reached ***** piety under Dithmenos
  1385 | D        | Noticed a deep troll
  1386 | D        | Noticed a deep troll
  1388 | D        | Killed a deep troll
  1389 | D        | Killed a deep troll
  1390 | D        | Reached skill level 5 in Ice Magic
  1410 | D        | Noticed a sphinx
  1411 | D        | Noticed a sphinx
  1413 | D        | Killed a sphinx
  1414 | D        | Reached skill level 10 in Dodging
  1414 | D        | Killed a sphinx
  1546 | D        | Noticed a storm dragon
  1548 | D        | Killed a storm dragon
  1568 | D        | Found Nohetaut's Armour Boutique.
  1568 | D        | Found Coiqypau's Antique Weapon Shoppe.
  1568 | D        | Found Nokhilog's Antique Armour Emporium.
  1568 | D        | Found Oprurog's Book Boutique.
  1568 | D        | Noticed a golden dragon
  1573 | D        | HP: 1/62 [golden dragon (21)]
  1578 | D        | Slain by a golden dragon

Illustrated notes

Levels and vault maps discovered:
D:        the_violet_keep_of_menkaure [sprint2_stairs_cluster_1,
          sprint2_shoproom, sprint2_temple, sprint2_basic_supplies,
          sprint2_obstacle_3, sprint2_obstacle_1, sprint2_obstacle_2,
          sprint2_obstacle_5, sprint2_obstacle_6, sprint2_timed_cluster_1,
          sprint2_smallroom_cluster_1, sprint2_smallroom_final_cluster_1,
          sprint2_transparent_cluster_1, sprint2_second_timed_cluster_1,
          sprint2_sniper_area_1, sprint2_heavy_combat_area_1,
          sprint2_mutation_trap_area_1, sprint2_forest_area_1,
          sprint2_light_combat_area_1, sprint2_behind_water_1,
          sprint2_near_end_vault_1]

Skill      XL: |  1  2  3  4  5  6  7  8  9 10 11 |
---------------+----------------------------------+-----
Fighting       | 2 3 4 5 7 9 |  9.3
Short Blades   | 3 5 8 10 | 10.0
Dodging        | 4 5 7 11 | 11.6
Stealth        | 6 7 10 15 | 15.0
Spellcasting   | 4 5 9 10 | 10.0
Hexes          | 5 6 9 14 | 14.0
Conjurations   | 1 4 8 9 11 | 11.3
Earth Magic    | 7 9 |  9.7
Ice Magic      | 2 6 |  6.6

Action                     |  1- 3 |  4- 6 |  7- 9 | 10-12 || total
---------------------------+-------+-------+-------+-------++-------
  Melee: Dagger            |    12 |     4 |     8 |    27 ||    51
   Cast: Ensorcelled Hiber |       |       |     3 |     8 ||    11
         Stone Arrow       |       |       |       |     5 ||     5
         Confusing Touch   |       |       |       |     1 ||     1
         Passwall          |       |       |       |     1 ||     1
         Hailstorm         |       |       |       |     8 ||     8
         Frozen Ramparts   |       |       |       |     3 ||     3
 Invoke: Shadow Step       |       |       |       |     2 ||     2
    Use: Potion            |     2 |       |     1 |     8 ||    11
         Scroll            |       |       |       |     1 ||     1
   Stab: Sleeping          |     2 |     3 |     7 |    22 ||    34
         Invisible         |     1 |     1 |       |       ||     2
         Confused          |       |       |       |     2 ||     2
 Armour: Robe              |     1 |       |       |       ||     1
  Dodge: Dodged            |     5 |     1 |     5 |    27 ||    38
